 Dungeon Crawl Stone Soup version 0.23.2-33-g5129a83184 (webtiles) character file.

Game seed: 12819653023117384022

1020 H0rd4k the Chucker (level 8, -1/57 HPs)
             Began as a Human Artificer on Aug 1, 2019.
             Killed from afar by an orc wizard (10 damage)
             ... with a puff of frost
             ... on level 4 of the Dungeon.
             The game lasted 00:09:46 (4891 turns).

H0rd4k the Chucker (Human Artificer)                Turns: 4891, Time: 00:09:47

Health: -1/57      AC:  5    Str: 14    XL:     8   Next: 46%
Magic:  10/17      EV: 21    Int: 13    God:
Gold:   242        SH:  0    Dex: 20    Spells: 19/19 levels left

rFire    . . .     SeeInvis .   x - +1 hand axe of Koom {freeze, rPois rN+ Int+2}
rCold    . . .     Gourm    .   (no shield)
rNeg     + + .     Faith    .   b - +0 leather armour
rPois    +         Spirit   .   j - +0 helmet
rElec    .         Reflect  .   (no cloak)
rCorr    .         Harm     .   (no gloves)
MR       .....                  n - +0 pair of boots
Stlth    +++.......             (no amulet)
HPRegen  0.19/turn              g - ring of positive energy
MPRegen  0.15/turn              (no ring)

@: agile
A: no striking features
a: no special abilities


You were on level 4 of the Dungeon.
You were hungry.

You visited 1 branch of the dungeon, and saw 5 of its levels.

You collected 242 gold pieces.

Inventory:

Hand Weapons
 a - a +0 short sword
 x - the +1 hand axe of Koom (weapon) {freeze, rPois rN+ Int+2}
   (You found it on level 4 of the Dungeon)

   It has been specially enchanted to freeze those struck by it, causing extra
   injury to most foes and up to half again as much damage against particularly
   susceptible opponents.
   It can also slow down cold-blooded creatures.
   It affects your intelligence (+2).
   It protects you from poison.
   It protects you from negative energy.
Missiles
 y - 4 tomahawks (quivered)
Armour
 b - a +0 leather armour (worn)
 j - a +0 helmet (worn)
 n - a +0 pair of boots (worn)
Jewellery
 g - a ring of positive energy (left hand)
 u - an uncursed ring of ice {unknown}
 w - an uncursed amulet of rage {unknown}
Wands
 d - a wand of enslavement (14)
Scrolls
 c - 2 scrolls of remove curse
 e - a scroll of fog {unknown}
 k - 3 scrolls of identify {unknown}
 m - 3 scrolls of magic mapping {unknown}
 o - a scroll of random uselessness {unknown}
 q - a scroll of enchant weapon {unknown}
 r - 2 scrolls of amnesia
 t - 2 scrolls of teleportation
 v - a scroll of fear
Potions
 h - a potion of agility
 i - a potion of experience
 l - a potion of cancellation {unknown}
 p - a potion of flight {unknown}
 s - a potion of ambrosia {unknown}
Comestibles
 f - 8 rations


   Skills:
 + Level 2.5 Fighting
 + Level 4.0 Short Blades
 + Level 4.5 Axes
 + Level 6.7 Throwing
 + Level 2.7 Armour
 + Level 6.0 Dodging
 + Level 2.4 Stealth
 + Level 4.4 Unarmed Combat
 + Level 6.0 Spellcasting
 + Level 3.9 Evocations


You had 19 spell levels left.
You didn't know any spells.
Your spell library contained the following spells:

 Spells                   Type           Power        Failure   Level  Hunger
 Confusing Touch          Hex            #.....       21%         1    None
 Confuse                  Hex            #.......     52%         3    ###....
 Gell's Gravitas          Tloc           #.........   52%         3    ###....
 Petrify                  Tmut/Erth      #.......     90%         4    ####...
 Metabolic Englaciation   Hex/Ice        #.........   99%         5    ######.
 Yara's Violent Unravell  Hex/Tmut       #.........   99%         5    ######.


Dungeon Overview and Level Annotations

Branches:
Dungeon (5/15)
 Temple: D:4-7

Altars:
Ashenzari
Elyvilon
Nemelex Xobeh

Shops:
D:4 :

Annotations:
D:3 3 runed translucent doors, mishael's ghost, amateur MiFi


Message History

The orc wizard misses you.
You barely miss the orc wizard.
The orc wizard is severely wounded.
The orc wizard points at you and mumbles some strange words.
The magic dart hits you.
* * * LOW HITPOINT WARNING * * *
The orc wizard looks satisfied for a moment.
You barely miss the orc wizard.
The orc wizard is severely wounded.
The orc wizard barely misses you.
You hit the orc wizard but do no damage.
The orc wizard is severely wounded.
The orc wizard barely misses you. The orc wizard misses you.
You hit the orc wizard but do no damage.
The orc wizard is severely wounded.
The orc wizard hits you with a +0 dagger.
* * * LOW HITPOINT WARNING * * *
The orc wizard gestures at you while chanting.
The puff of frost hits you!
You die...

#.............#####'#####.#
#
#.....♣♣♣♣..###.........#.#
# .....♣♣ #.8..8..8.#.# #
#....♣ #.........#.# #
#....♣ ##'##'##'##.# #
.....♣ ##..#..###.# ####
.....♣ ###.##...##.# #...
##.....♣ #..#[##...#.# #...
.#....... ##@#).##..#.#
#... #######...
##o##'##'#.## #... .# #.#
##Z.....#..# #... ## .#
......##.# #... .#
......##.# #... ##
###...##.# #...
...##.###... ..##..##...
####.##...


You could see an orc wizard and an adder skeleton.

Vanquished Creatures
  2 elf skeletons (D:4)
  A hound (D:4)
  2 human zombies (D:4)
  A centaur skeleton (D:2)
  2 human skeletons (D:4)
  An iguana (D:4)
  2 worker ants (D:4)
  Robin (D:3)
  4 gnolls (D:4)
  2 adders
  An adder skeleton (D:4)
  2 worms
  A dart slug (D:2)
  A leopard gecko (D:4)
  6 orcs
  2 ball pythons
  6 bats
  5 giant cockroaches
  14 goblins
  7 hobgoblins
  12 kobolds
  A quokka (D:4)
  3 frilled lizards
  A jackal skeleton (D:4)
  2 orc skeletons (D:4)
  An orc zombie (D:4)
  8 rats
91 creatures vanquished.

Vanquished Creatures (others)
  An adder (D:4)
1 creature vanquished.

Grand Total: 92 creatures vanquished

Notes
Turn   | Place    | Note
-------+----------+-------------------------------------------
     0 | D:1      | H0rd4k the Human Artificer began the quest for the Orb.
     0 | D:1      | Reached XP level 1. HP: 15/15 MP: 3/3
   177 | D:1      | Reached XP level 2. HP: 6/21 MP: 4/4
  1106 | D:1      | Reached skill level 1 in Armour
  1114 | D:1      | Reached XP level 3. HP: 23/26 MP: 5/5
  1928 | D:2      | Reached XP level 4. HP: 22/33 MP: 6/6
  2359 | D:3      | Found a white marble altar of Elyvilon.
  2359 | D:3      | Found a shattered altar of Ashenzari.
  2477 | D:3      | Found a faded altar of an unknown god.
  2573 | D:3      | Noticed Robin
  2610 | D:5      | Entered Level 5 of the Dungeon
  2616 | D:4      | Reached XP level 5. HP: 38/38 MP: 7/7
  2648 | D:4      | Noticed an ogre
  2869 | D:4      | Reached XP level 6. HP: 22/44 MP: 8/8
  2954 | D:4      | HP: 2/44 [elf skeleton (4)]
  3156 | D:4      | Found a sand-covered staircase.
  3369 | D:4      | HP: 1/44 [human zombie (4)]
  3684 | D:3      | Found a runed translucent gate.
  3684 | D:3      | Found a runed translucent gate.
  3685 | D:3      | Found a runed translucent gate.
  3689 | D:3      | Noticed mishael's ghost (amateur MiFi)
  3699 | D:3      | Found a sparkling altar of Nemelex Xobeh.
  3919 | D:3      | Reached XP level 7. HP: 44/50 MP: 9/9
  4150 | D:3      | Killed Robin
  4532 | D:4      | Found Vuded's Book Shop.
  4735 | D:4      | Got a steaming hand axe
  4736 | D:4      | Identified the +1 hand axe of Koom {freeze, rPois rN+
                  | Int+2} (You found it on level 4 of the Dungeon)
  4882 | D:4      | Reached XP level 8. HP: 18/57 MP: 9/17
  4891 | D:4      | Killed from afar by an orc wizard

Skill      XL: |  1  2  3  4  5  6  7 |
---------------+----------------------+-----
Armour         | 1 2 |  2.7
Short Blades   | 2 3 4 |  4.0
Dodging        | 3 6 |  6.0
Fighting       | 2 |  2.5
Stealth        | 2 |  2.4
Axes           | 4 |  4.5
Throwing       | 6 |  6.7
Unarmed Combat | 4 |  4.4
Spellcasting   | 6 |  6.0
Evocations     | |  3.9

Action                   |  1- 3 |  4- 6 |  7- 9 || total
-------------------------+-------+-------+-------++-------
Melee: Short sword       |   149 |   183 |    87 ||   419
       Hand axe          |       |       |    48 ||    48
Evoke: Wand              |       |    31 |       ||    31
  Use: Scroll            |     4 |     1 |       ||     5
       Potion            |       |       |     2 ||     2
 Stab: Sleeping          |     1 |     1 |     1 ||     3
       Paralysed         |       |     6 |       ||     6
       Confused          |       |     1 |       ||     1
  Eat: Chunk             |     3 |     3 |     3 ||     9
       Ration            |       |     1 |       ||     1
Armor: Leather armour    |    45 |    30 |    36 ||   111
Dodge: Dodged            |    93 |    86 |    88 ||   267
